 Dungeon Crawl Stone Soup version 0.19-a0-1821-g42c593c (webtiles) character file.

47 kae the Shield-Bearer (level 3, 0/29 HPs)
             Began as a Formicid Fighter on Oct 6, 2016.
             Killed from afar by Natasha (6 damage)
             ... with a magic dart
             ... on level 2 of the Dungeon.
             The game lasted 00:00:51 (1044 turns).

kae the Shield-Bearer (Formicid Fighter)            Turns: 1044, Time: 00:00:51

Health: 0/29       AC:  6    Str: 21    XL:     3   Next: 97%
Magic:  3/3        EV:  8    Int:  7    God:
Gold:   27         SH:  9    Dex: 10    Spells: 0 memorised, 2 levels left

rFire  . . .     SeeInvis +     a - +0 long sword
rCold  . . .     Gourm    .     b - +0 scale mail
rNeg   . . .     Faith    .     c - +0 shield
rPois  .         Spirit   .     (helmet unavailable)
rElec  .         Dismiss  .     (no cloak)
rCorr  .         Reflect  .     (no gloves)
MR     .....     Harm     .     (no boots)
Stlth  ..........               (no amulet)
                                (no ring)
                                (no ring)

@: no status effects
A: permanent stasis, dig shafts and tunnels, four strong arms, antennae 3
a: Dig, Shaft Self


You were on level 2 of the Dungeon.
You were hungry.

You visited 1 branch of the dungeon, and saw 2 of its levels.

You collected 27 gold pieces.

Inventory:

Hand Weapons
 a - a +0 long sword (weapon)
Armour
 b - a +0 scale mail (worn)
 c - a +0 shield (worn)
 o - a +0 large shield
 p - a +0 pair of boots
Jewellery
 m - an uncursed ring of flight {unknown}
Scrolls
 i - a scroll of identify {unknown}
 k - a scroll of remove curse {unknown}
 l - a scroll of noise {unknown}
 n - a scroll of immolation {unknown}
Potions
 d - a potion of might
 g - a potion of invisibility {unknown}
 r - a potion of resistance {unknown}
 s - a potion of degeneration {unknown}
Comestibles
 f - 2 bread rations
 h - a meat ration
 j - 5 fruits


   Skills:
 + Level 3.5 Fighting
 * Level 3.2 Long Blades
 - Level 3.2 Armour
 + Level 4.2 Shields


You had 2 spell levels left.
You didn't know any spells.

Dungeon Overview and Level Annotations

Branches:
Dungeon (2/15)

Altars:
Nemelex Xobeh

Annotations:
D:2 Natasha


Innate Abilities, Weirdness & Mutations

You are under a permanent stasis effect.
You can dig through walls and to a lower floor.
Your four strong arms can wield two-handed weapons with a shield.
You have a pair of large antennae on your head. (SInv)


Message History

You bump into the rock wall.
Natasha claws you.
* * * LOW HITPOINT WARNING * * *
You bump into the rock wall.
You feel less invigorated.
You feel less confused.
Natasha casts a spell.
You hit Natasha.
Natasha is severely wounded.
You block Natasha's attack.
You miss Natasha.
Natasha is severely wounded.
You block Natasha's attack. Natasha claws you.
* * * LOW HITPOINT WARNING * * *
You hit Natasha.
Natasha is severely wounded.
You block Natasha's attack.
You closely miss Natasha.
Natasha is severely wounded.
Natasha casts a spell at you. The magic dart hits you!
You die...

.....# .....# #......#
....## #......# ....##
#......# .....# #....$.
.....## ..... ......## .5.
.......# #h# .......# #@#
.......# #.# #. ###
.......#### #.# #.###..
.....#....## #.####.....
.....####..## #..##.....#
.##...####..#####........#
##
.##.#...................##
#<
......######.##..........#
#. ....#..##
#.##...>......# #.


You could see Natasha and a shadow imp.

Vanquished Creatures
  2 adders (D:2)
  An ooze (D:2)
  2 leopard geckos
  2 ball pythons (D:2)
  2 giant cockroaches
  2 goblins (D:2)
  2 hobgoblins
  5 bats
  8 rats
26 creatures vanquished.

Notes
Turn   | Place    | Note
-------+----------+-------------------------------------------
     0 | D:1      | kae the Formicid Fighter began the quest for the Orb.
     0 | D:1      | Reached XP level 1. HP: 18/18 MP: 1/1
   194 | D:1      | Reached XP level 2. HP: 21/24 MP: 2/2
   437 | D:1      | Found a sparkling altar of Nemelex Xobeh.
   670 | D:2      | Reached skill level 4 in Shields
   670 | D:2      | Reached XP level 3. HP: 29/29 MP: 3/3
  1030 | D:2      | Noticed Natasha
  1044 | D:2      | Killed from afar by Natasha

Vault maps used:
D:1:      roderic_octagonal_star, minmay_misc_feat_rows,
          nemelex_diamond_rough_becter
D:2:      first_bread, nicolae_qazlal_eye_of_the_storm, uniq_natasha

Skill      XL: |  1  2  3 |
---------------+----------+-----
Shields        | 4 |  4.2
Long Blades    | 3 |  3.2
Fighting       | |  3.5
Armour         | |  3.2

Action                   || total
-------------------------++-------
Melee: Long sword        ||    76
  Use: Potion            ||     1
Armor: Scale mail        ||    33
Dodge: Dodged            ||    13
Block: Shield            ||    43
       Rpst.: Long sword ||     6
